 Dungeon Crawl Stone Soup version 0.31.0-12-g77e489cdc1 (webtiles) character file.

Game seed: 17429125175587164717

6372 jagang the Nimble (level 10, 0/83 HPs)
             Began as a Gnoll Monk on Feb 15, 2024.
             Was an Elder of the Shining One.
             Slain by a komodo dragon (8 damage)
             ... on level 10 of the Dungeon.
             The game lasted 00:26:35 (9804 turns).

jagang the Nimble (Gnoll Monk)                      Turns: 9804, Time: 00:26:36

Health: 0/83       AC: 18    Str: 12    XL:     10   Next: 97%
Magic:  19/19      EV: 11    Int:  9    God:    the Shining One [****..]
Gold:   570        SH: 18    Dex: 27    Spells: 21/21 levels left

rFire   + . .        p - +0 scimitar
rCold   + . .        h - +0 tower shield
rNeg    + + .        s - +4 scale mail {rF+}
rPois   +            (no helmet)
rElec   .            m - +0 cloak
rCorr   .            q - +1 pair of gloves
SInv    .            D - +2 pair of boots
Will    .....        (no amulet)
Stlth   +            e - ring of poison resistance
HPRegen 0.33/turn    u - ring of Noxtusut {*Slow rC+ Dex+9}
MPRegen 0.16/turn

%: slow self (1%)
@: glowing
A: fangs 1, strong nose, distributed training
a: Renounce Religion, Divine Shield, Cleansing Flame


You were on level 10 of the Dungeon.
You worshipped the Shining One.
The Shining One was greatly pleased with you.
You visited 2 branches of the dungeon, and saw 11 of its levels.

You collected 735 gold pieces.
You spent 165 gold pieces at shops.

Inventory:

Hand Weapons
 p - a +0 scimitar (weapon)
 I - a +5 falchion
 K - a +0 scimitar
Missiles
 k - 14 poisoned darts
 E - 2 boomerangs (quivered)
 J - 2 curare-tipped darts
Armour
 h - a +0 tower shield (worn)
 m - a +0 cloak (worn)
 q - a +1 pair of gloves (worn)
 s - a +4 scale mail of fire resistance (worn)
 D - a +2 pair of boots (worn)
Jewellery
 e - a ring of poison resistance (left hand)
 u - the ring of Noxtusut (right hand) {*Slow rC+ Dex+9}
   (You found it on level 3 of the Dungeon)

   [ring of protection from cold]

   Dex+9:     It affects your dexterity (+9).
   rC+:       It protects you from cold.
   *Slow:     It may slow you when you take damage.
Talismans
 w - a flux talisman
Wands
 b - a wand of flame (39)
 x - a wand of quicksilver (6)
 C - a wand of iceblast (8)
Scrolls
 g - 3 scrolls of immolation
 i - a scroll of noise
 j - a scroll of enchant weapon
 l - a scroll of blinking
 o - a scroll of revelation {unknown}
 t - 3 scrolls of amnesia
 y - a scroll of silence {unknown}
 F - a scroll of fear {unknown}
 G - 3 scrolls of teleportation {unknown}
 H - a scroll of enchant armour {unknown}
Potions
 a - 2 potions of heal wounds
 c - a potion of ambrosia
 d - a potion of attraction {unknown}
 f - 3 potions of curing {unknown}
 n - 2 potions of mutation {unknown}
 r - 3 potions of haste
 v - a potion of lignification {unknown}
 z - a potion of berserk rage {unknown}
 A - 3 potions of enlightenment {unknown}
 B - a potion of experience {unknown}
 L - 2 potions of degeneration {unknown}


   Skills:
 + Level 9.0 Fighting
 + Level 6.0 Short Blades
 + Level 9.0 Long Blades
 + Level 6.0 Axes
 + Level 6.0 Maces & Flails
 + Level 6.0 Polearms
 + Level 6.0 Staves
 + Level 6.0 Ranged Weapons
 + Level 6.0 Throwing
 + Level 6.0 Armour
 + Level 9.0 Dodging
 + Level 6.0 Stealth
 + Level 6.0 Shields
 + Level 6.0 Unarmed Combat
 + Level 6.0 Spellcasting
 + Level 4.9 Conjurations
 + Level 4.9 Hexes
 + Level 4.9 Summonings
 + Level 4.9 Necromancy
 + Level 4.9 Translocations
 + Level 4.9 Fire Magic
 + Level 4.9 Ice Magic
 + Level 4.9 Air Magic
 + Level 4.9 Earth Magic
 + Level 4.9 Alchemy
 + Level 6.5 Invocations
 + Level 6.0 Evocations
 + Level 5.4 Shapeshifting


You had 21 spell levels left.
You didn't know any spells.
Your spell library was empty.

Dungeon Overview and Level Annotations

Branches:
Dungeon (10/15)            Temple (1/1) D:5
   Lair: D:8-11         Orc: D:9-12

Altars:
Ashenzari
Cheibriados
Dithmenos
Elyvilon
Fedhas
Gozag
Hepliaklqana
Kikubaaqudgha
Makhleb
Nemelex Xobeh
Okawaru
Qazlal
Ru
Sif Muna
Trog
Uskayaw
Wu Jian
Xom
Yredelemnul
Zin
The Shining One

Shops:
D:4 *   D:6 :*[

Annotations:
Temple 2 transporters


Innate Abilities, Weirdness & Mutations

You have very sharp teeth.
Your uncanny sense of smell can sniff out nearby items.
Your experience applies equally to all skills.


Message History

The orc priest miscasts a cantrip.
Throw: 2 boomerangs
Press: ? - help, Q - select action, (/) - cycle Shift-Dir - straight line, f - orc priest
Aim: an orc priest, wielding a +0 mace and wearing a +0 ring mail (73% to hit)
You throw a boomerang.
The boomerang hits the orc priest but does no damage.
A komodo dragon comes into view.
The komodo dragon hisses angrily.
Throw: 2 boomerangs
Press: ? - help, Q - select action, (/) - cycle Shift-Dir - straight line, f - komodo dragon
Aim: a komodo dragon (75% to hit)
You throw a boomerang.
The boomerang hits the komodo dragon but does no damage.
You slice the komodo dragon!!
The komodo dragon is heavily wounded.
The komodo dragon bites you!
You slash the komodo dragon!
The komodo dragon is severely wounded.
The komodo dragon bites you!! The komodo dragon closely misses you.
You hit the komodo dragon but do no damage.
The komodo dragon is severely wounded.
You block the komodo dragon's attack.
You hit the komodo dragon but do no damage.
The komodo dragon is severely wounded.
You block the komodo dragon's attack.
You hit the komodo dragon.
The komodo dragon is severely wounded.
You block the komodo dragon's attack. The komodo dragon bites you.
You hit the komodo dragon.
The komodo dragon is almost dead.
You block the komodo dragon's attack.
You completely miss the komodo dragon.
The komodo dragon is severely wounded.
The komodo dragon bites you!
You hit the komodo dragon.
The komodo dragon is almost dead.
The komodo dragon bites you!!
* * * LOW HITPOINT WARNING * * *
The komodo dragon bites you!
You die...

#...≈S.#
#...≈Soo######
##...≈8≈≈≈≈≈≈≈ ....8
≈≈≈≈≈ #... ... . #..#
#.# ... #..# #.#
..P..##..######.###
............l@....#
.##...#..#..P.)PP.#
#...#..##.PP..P....
#.. #..##.PP..PP.....
#...#..##..P..PP....#
#...#..###.PP..P ...#
#...#..##...PP..P...#
# #...#....._.PP..P
..# ##.
#...#.......PP


You could see a komodo dragon.

Vanquished Creatures
  A two-headed ogre (D:9)
  A hornet (D:8)
  A shadow (D:9)
  5 slime creatures (D:8)
  A steam dragon (D:7)
  3 yaks (D:9)
  A water moccasin (D:7)
  2 orc warriors (D:7)
  A black bear (D:8)
  3 ice beasts
  2 ogres
  A centaur (D:7)
  3 kobold brigands
  3 bullfrogs
  A gnoll sergeant (D:8)
  2 scorpions
  12 wights
  19 killer bees
  3 howler monkeys
  4 hounds
  2 jellies
  3 bombardier beetles
  4 orc priests
  Crazy Yiuf (D:2)
  2 gnoll boudas
  Terence (D:2)
  Ijyb (D:3)
  2 iguanas
  Natasha (twice) (D:3)
  An orc wizard (D:9)
  6 adders
  22 gnolls
  2 white imps
  4 ufetubi (D:6)
  26 orcs
  4 ball pythons
  5 bats
  5 endoplasms
  4 giant cockroaches
  4 goblins
  8 hobgoblins
  4 jackals (D:4)
  A quokka (D:5)
  6 frilled lizards
  25 kobolds
  6 rats
220 creatures vanquished.

Notes
Turn   | Place    | Note
-------+----------+-------------------------------------------
     0 | D:1      | jagang the Gnoll Monk began the quest for the Orb.
     0 | D:1      | Reached XP level 1. HP: 23/23 MP: 1/1
   235 | D:1      | You fall into a shaft and drop 1 floor!
   248 | D:2      | Reached XP level 2. HP: 7/29 MP: 2/2
   494 | D:1      | Reached XP level 3. HP: 35/35 MP: 3/3
   822 | D:1      | Reached skill level 1 in Invocations
  1269 | D:2      | Reached skill level 1 in Short Blades
  1269 | D:2      | Reached skill level 1 in Axes
  1269 | D:2      | Reached skill level 1 in Maces & Flails
  1269 | D:2      | Reached skill level 1 in Polearms
  1269 | D:2      | Reached skill level 1 in Staves
  1269 | D:2      | Reached skill level 1 in Ranged Weapons
  1269 | D:2      | Reached skill level 1 in Throwing
  1269 | D:2      | Reached skill level 1 in Armour
  1269 | D:2      | Reached skill level 1 in Stealth
  1269 | D:2      | Reached skill level 1 in Shields
  1269 | D:2      | Reached skill level 1 in Unarmed Combat
  1269 | D:2      | Reached skill level 1 in Spellcasting
  1269 | D:2      | Reached skill level 1 in Evocations
  1307 | D:2      | Reached skill level 1 in Shapeshifting
  1307 | D:2      | Reached XP level 4. HP: 41/41 MP: 5/5
  1768 | D:2      | Found a runed translucent door.
  1769 | D:2      | Noticed Crazy Yiuf
  1785 | D:2      | Noticed Terence
  1801 | D:2      | Killed Terence
  1802 | D:2      | Reached skill level 1 in Conjurations
  1802 | D:2      | Reached skill level 1 in Hexes
  1802 | D:2      | Reached skill level 1 in Summonings
  1802 | D:2      | Reached skill level 1 in Necromancy
  1802 | D:2      | Reached skill level 1 in Translocations
  1802 | D:2      | Reached skill level 1 in Fire Magic
  1802 | D:2      | Reached skill level 1 in Ice Magic
  1802 | D:2      | Reached skill level 1 in Air Magic
  1802 | D:2      | Reached skill level 1 in Earth Magic
  1802 | D:2      | Reached skill level 1 in Alchemy
  1985 | D:2      | Killed Crazy Yiuf
  1986 | D:2      | Reached XP level 5. HP: 42/47 MP: 5/7
  2379 | D:3      | Noticed Natasha
  2385 | D:3      | Killed Natasha
  2421 | D:3      | Identified the ring of Noxtusut {*Slow rC+ Dex+9}
  2850 | D:3      | Noticed Natasha
  2856 | D:3      | Killed Natasha
  2857 | D:3      | Reached XP level 6. HP: 53/53 MP: 8/8
  2882 | D:3      | Noticed Ijyb
  2897 | D:3      | Killed Ijyb
  3986 | D:4      | Found Gigaole's Fire Supplies.
  4391 | D:5      | Entered Level 5 of the Dungeon
  4452 | D:5      | Reached XP level 7. HP: 58/60 MP: 10/10
  4565 | D:5      | Found a staircase to the Ecumenical Temple.
  4574 | Temple   | Found a transporter.
  4574 | Temple   | Found a transporter.
  4574 | Temple   | Found a transporter.
  4574 | Temple   | Found a transporter.
  4574 | Temple   | Entered the Ecumenical Temple
  4587 | Temple   | Became a worshipper of the Shining One
  4587 | Temple   | Reached * piety under the Shining One
  4587 | Temple   | Reached ** piety under the Shining One
  5165 | D:6      | Found Niffet's General Store.
  5215 | D:6      | Bought a potion of heal wounds for 55 gold pieces
  5215 | D:6      | Bought a potion of haste for 110 gold pieces
  5239 | D:6      | Reached XP level 8. HP: 67/67 MP: 12/12
  5252 | D:6      | Found Uhizaz's Book Shoppe.
  5642 | D:6      | Found Fyochom's Antique Armour Emporium.
  6501 | D:7      | Reached *** piety under the Shining One
  6507 | D:7      | HP: 3/67 [orc warrior/+0 long sword (3)]
  6836 | D:7      | Reached XP level 9. HP: 67/73 MP: 14/14
  7129 | D:7      | Reached skill level 5 in Invocations
  7640 | D:8      | Noticed a hornet
  7648 | D:8      | Killed a hornet
  7726 | D:8      | Reached skill level 5 in Short Blades
  7726 | D:8      | Reached skill level 5 in Axes
  7726 | D:8      | Reached skill level 5 in Maces & Flails
  7726 | D:8      | Reached skill level 5 in Polearms
  7726 | D:8      | Reached skill level 5 in Staves
  7726 | D:8      | Reached skill level 5 in Ranged Weapons
  7726 | D:8      | Reached skill level 5 in Throwing
  7726 | D:8      | Reached skill level 5 in Armour
  7726 | D:8      | Reached skill level 5 in Stealth
  7726 | D:8      | Reached skill level 5 in Shields
  7726 | D:8      | Reached skill level 5 in Unarmed Combat
  7726 | D:8      | Reached skill level 5 in Spellcasting
  7726 | D:8      | Reached skill level 5 in Evocations
  7726 | D:8      | Reached XP level 10. HP: 49/81 MP: 17/17
  7897 | D:8      | Reached **** piety under the Shining One
  8009 | D:8      | Reached skill level 5 in Shapeshifting
  8820 | D:9      | Found a sparkling altar of Nemelex Xobeh.
  9175 | D:9      | Noticed a two-headed ogre
  9181 | D:9      | Killed a two-headed ogre
  9726 | D:10     | Entered Level 10 of the Dungeon
  9726 | D:10     | Found an ancient bone altar of Kikubaaqudgha.
  9804 | D:10     | Slain by a komodo dragon

Illustrated notes

Levels and vault maps discovered:
D:1:      amcnicky_arrival_double_pillar, layout_basic
D:2:      kennysheep_six_static_rooms, layout_loops_ring, grunt_ministairs_9,
          uniq_terence, uniq_crazy_yiuf_cottage
D:3:      layout_loops_corners, uniq_ijyb, uniq_natasha
D:4:      layout_basic, nicolae_shop_fire_sale [nicolae_sub_dead_trees]
D:5:      layout_rooms, minmay_temple_entry_arrows, minmay_misc_feat_chi,
          minivault_1
D:6:      layout_cave_pods, serial_shops, nicolae_diamond_shop, shop,
          nicolae_shop_hallway_plus, dreamdust_gnoll_farm
D:7:      layout_loops_ring
D:8:      layout_cave_pools, serial_column_ruins, column_ruins_hut,
          column_ruins_open_small, column_ruins_open_tiny,
          column_ruins_columns_straight, column_ruins_columns_straight
D:9:      layout_gridville, nemelex_spade_bored_becter
D:10:     layout_long_grid, mainiacjoe_overflow_catch_the_wave,
          grunt_lair_entry_orc_guard_hut, erik_orc_2, special_room
          [special_room_bee], uniq_maurice
Temple:   hellmonk_temple_divided_pantheon

Skill      XL: |  1  2  3  4  5  6  7  8  9 10 |
---------------+-------------------------------+-----
Invocations    | 1 2 3 4 5 6 |  6.5
Short Blades   | 1 2 3 5 6 |  6.0
Axes           | 1 2 3 5 6 |  6.0
Maces & Flails | 1 2 3 5 6 |  6.0
Polearms       | 1 2 3 5 6 |  6.0
Staves         | 1 2 3 5 6 |  6.0
Ranged Weapons | 1 2 3 5 6 |  6.0
Throwing       | 1 2 3 5 6 |  6.0
Armour         | 1 2 3 5 6 |  6.0
Stealth        | 1 2 3 5 6 |  6.0
Shields        | 1 2 3 5 6 |  6.0
Unarmed Combat | 1 2 3 5 6 |  6.0
Spellcasting   | 1 2 3 5 6 |  6.0
Evocations     | 1 2 3 5 6 |  6.0
Shapeshifting  | 1 2 3 4 5 |  5.4
Conjurations   | 1 2 3 4 |  4.9
Hexes          | 1 2 3 4 |  4.9
Summonings     | 1 2 3 4 |  4.9
Necromancy     | 1 2 3 4 |  4.9
Translocations | 1 2 3 4 |  4.9
Fire Magic     | 1 2 3 4 |  4.9
Ice Magic      | 1 2 3 4 |  4.9
Air Magic      | 1 2 3 4 |  4.9
Earth Magic    | 1 2 3 4 |  4.9
Alchemy        | 1 2 3 4 |  4.9
Fighting       | 7 8 9 |  9.0
Long Blades    | 7 8 9 |  9.0
Dodging        | 7 8 9 |  9.0

Action                     |  1- 3 |  4- 6 |  7- 9 | 10-12 || total
---------------------------+-------+-------+-------+-------++-------
  Melee: Falchion          |    81 |   141 |    28 |       ||   250
         Bite              |    11 |    21 |    40 |    22 ||    94
         Long sword        |       |       |   240 |       ||   240
         Scimitar          |       |       |    46 |   191 ||   237
  Throw: Dart              |       |       |    12 |       ||    12
         Throwing net      |       |       |     1 |       ||     1
         Boomerang         |       |       |       |     6 ||     6
 Invoke: Divine Shield     |       |       |       |     1 ||     1
  Evoke: Wand              |       |       |    14 |     6 ||    20
    Use: Scroll            |       |       |     4 |     1 ||     5
         Potion            |       |       |     1 |       ||     1
 Armour: Robe              |    26 |       |       |       ||    26
         Leather armour    |     8 |    15 |       |       ||    23
         Scale mail        |       |    54 |   171 |   161 ||   386
  Dodge: Dodged            |    48 |    68 |   249 |   140 ||   505
  Block: Buckler           |       |       |   125 |    36 ||   161
         Tower shield      |       |       |       |   299 ||   299
